 Dungeon Crawl Stone Soup version 0.19.4-9-g45fd643 (webtiles) character file.

100 Kosschaser the Chopper (level 4, -1/60 HPs)
             Began as a Hill Orc Berserker on Feb 17, 2017.
             Was a Believer of Trog.
             Slain by Grinder (6 damage)
             ... on level 3 of the Dungeon.
             The game lasted 00:07:05 (2633 turns).

Kosschaser the Chopper (Hill Orc Berserker)         Turns: 2633, Time: 00:07:05

Health: -1/60      AC:  3    Str: 24    XL:     4   Next: 74%
Magic:  4/4        EV: 12    Int:  7    God:    Trog [**....]
Gold:   115        SH:  0    Dex: 11    Spells: 0 memorised, 3 levels left

rFire  . . .     SeeInvis .     a - +0 hand axe
rCold  . . .     Gourm    .     b - +0 animal skin
rNeg   . . .     Faith    .     (no shield)
rPois  .         Spirit   .     (no helmet)
rElec  .         Reflect  .     q - +0 cloak
rCorr  .         Harm     .     (no gloves)
MR     ++...                    (no boots)
Stlth  ..........               (no amulet)
                                (no ring)
                                (no ring)

@: berserking, regenerating, very quick
A: no striking features
a: Berserk, Trog's Hand, Burn Spellbooks, Renounce Religion


You were on level 3 of the Dungeon.
You worshipped Trog.
Trog was pleased with you.
You were very hungry.

You visited 1 branch of the dungeon, and saw 3 of its levels.

You collected 115 gold pieces.

Inventory:

Hand Weapons
 a - a +0 hand axe (weapon)
Armour
 b - a +0 animal skin (worn)
 q - a +0 cloak (worn)
Wands
 p - a wand of disintegration (16/24)
Scrolls
 d - a scroll of enchant armour {unknown}
 g - 2 scrolls of identify {unknown}
 k - a scroll of fear {unknown}
 o - a scroll of teleportation {unknown}
Potions
 e - a potion of heal wounds {unknown}
 f - a potion of flight {unknown}
 j - a potion of cancellation {unknown}
 l - 3 potions of degeneration {unknown}
 m - a potion of berserk rage {unknown}
Comestibles
 c - a bread ration
 h - a slice of pizza
 i - a beef jerky
 n - 2 chunks of flesh


   Skills:
 + Level 4.3 Fighting
 + Level 5.6 Axes
 + Level 2.4 Armour
 + Level 2.2 Dodging
 - Level 0.5 Stealth


You had 3 spell levels left.
You didn't know any spells.

Dungeon Overview and Level Annotations

Branches:
Dungeon (3/15)

Altars:
Cheibriados
Dithmenos

Annotations:
D:3 Grinder


Message History

You feel resistant to hostile enchantments.
You are feeling hungry.
Grinder gestures at you. You resist with almost no effort.
Found a puce potion.
Grinder hits you!
You writhe in agony.
You hit Grinder.
Grinder is severely wounded.
You feel the effects of Trog's Hand fading.
Grinder hits you!
* * * LOW HITPOINT WARNING * * *
You writhe in agony.
* * * LOW HITPOINT WARNING * * *
Grinder gestures at you. You resist with almost no effort.
A red film seems to cover your vision as you go berserk!
You feel yourself moving faster!
You feel mighty!
You are feeling very hungry.
Grinder hits you.
You die...

##+## ##...##
##.....##
##.......##
#.....<...#
+.........+
#.!...5...#
#...@...#
##.....##
##...#####
#)........#
######.#.#####.#
#........####
#.####......##
#.# #.........
#.##.###.......##


You could see Grinder.

Vanquished Creatures
  3 adders
  2 oozes
  A worm (D:3)
  2 dart slugs (D:1)
  A leopard gecko (D:2)
  A ball python (D:3)
  3 bats
  5 goblins
  7 hobgoblins
  5 jackals
  A quokka (D:2)
  5 frilled lizards
  16 kobolds
  6 rats
58 creatures vanquished.

Notes
Turn   | Place    | Note
-------+----------+-------------------------------------------
     0 | D:1      | Kosschaser the Hill Orc Berserker began the quest for the Orb.
     0 | D:1      | Reached XP level 1. HP: 19/19 MP: 1/1
    89 | D:1      | Reached XP level 2. HP: 21/27 MP: 2/2
   493 | D:1      | Reached XP level 3. HP: 33/33 MP: 3/3
   706 | D:1      | Reached ** piety under Trog
  1425 | D:2      | Reached skill level 5 in Axes
  1635 | D:2      | Reached XP level 4. HP: 16/40 MP: 4/4
  1848 | D:2      | Found a shadowy altar of Dithmenos.
  1848 | D:2      | Found a snail-covered altar of Cheibriados.
  2613 | D:3      | Noticed Grinder
  2625 | D:3      | Paralysed by Grinder for 2 turns
  2633 | D:3      | Slain by Grinder

Skill      XL: |  1  2  3 |
---------------+----------+-----
Dodging        | 2 |  2.2
Axes           | 5 |  5.6
Fighting       | 4 |  4.3
Armour         | |  2.4
Stealth        | |  0.5

Action                   |  1- 3 |  4- 6 || total
-------------------------+-------+-------++-------
Melee: Hand axe          |   136 |    65 ||   201
Invok: Berserk           |     1 |     2 ||     3
       Trog's Hand       |       |     3 ||     3
 Stab: Sleeping          |     1 |       ||     1
  Eat: Chunk             |     3 |     5 ||     8
Armor: Animal skin       |    21 |    10 ||    31
Dodge: Dodged            |    80 |    43 ||   123
